 Dungeon Crawl Stone Soup version 0.31-a0-441-g867994ef1c (webtiles) character file.

Game seed: 11013240216694940844

16272 Vomitron the Grappler (level 12, -16/108 HPs)
             Began as a Ghoul Monk on Aug 2, 2023.
             Was the Champion of Nemelex Xobeh.
             Demolished by a culicivora (20 damage)
             ... on level 2 of the Lair of Beasts on Aug 3, 2023.
             The game lasted 00:23:38 (12585 turns).

Vomitron the Grappler (Ghoul Monk)                 Turns: 12585, Time: 00:23:39

Health: -16/108    AC: 10    Str: 18    XL:     12   Next: 35%
Magic:  18/18      EV: 18    Int: 13    God:    Nemelex Xobeh [******]
Gold:   490        SH:  0    Dex: 13    Spells: 11/11 levels left

rFire   + .          .
                       - Unarmed
rCold   + + .        (no shield)
rNeg    + + +        P - +0 ring mail "Unehaiti" {rF+ rC+ Int+2}
rPois   ∞            h - +0 helmet
rElec   .            N - scarf {+Inv}
rCorr   .            g - +0 pair of gloves
SInv    .            r - +0 pair of boots
Will    .....        (no amulet)
Stlth   +            k - +5 ring of evasion
HPRegen 0.00/turn    B - +6 ring of intelligence
MPRegen 0.16/turn

%: no passive effects
@: inhibited regen
A: claws 1, cold resistance 1, negative energy resistance 3, inhibited
regeneration, torment resistance 2, devour on kill
a: Renounce Religion, Evoke Invisibility, Draw Escape, Draw Destruction, Draw
Summoning, Triple Draw, Deal Four, Stack Five


You were on level 2 of the Lair of Beasts.
You worshipped Nemelex Xobeh.
Nemelex Xobeh was exalted by your worship.
You visited 2 branches of the dungeon, and saw 12 of its levels.
You also visited: Sewer.

You collected 579 gold pieces.
You spent 89 gold pieces at shops.

Inventory:

Hand Weapons
 q - the +4 war axe of Miemixto {speed, rPois rF+ rC- rCorr}
   (You found it on level 2 of the Dungeon)

   rF:        It protects you from fire.
   rC:        It makes you vulnerable to cold.
   rPois:     It protects you from poison.
   rCorr:     It protects you from acid and corrosion.
Missiles
 e - 6 javelins
 y - 7 curare-tipped darts
 T - a throwing net
Armour
 a - a +0 robe
 c - an orb of light
 f - a +3 leather armour of poison resistance
 g - a +0 pair of gloves (worn)
 h - a +0 helmet (worn)
 m - a +0 cloak
 r - a +0 pair of boots (worn)
 D - a +2 robe of willpower
 K - a +0 chain mail
 N - a scarf of invisibility (worn)
 P - the +0 ring mail "Unehaiti" (worn) {rF+ rC+ Int+2}
   (You found it on level 9 of the Dungeon)

   Int:       It affects your intelligence (+2).
   rF:        It protects you from fire.
   rC:        It protects you from cold.
Magical Staves
 w - a staff of fire
Jewellery
 k - a +5 ring of evasion (left hand)
 B - a +6 ring of intelligence (right hand)
 C - an amulet of magic regeneration
 O - an amulet of guardian spirit
 S - a ring of willpower
Wands
 d - a wand of polymorph (26)
 z - a wand of flame (12)
 G - a wand of digging (10)
 H - a wand of iceblast (5)
 Q - a wand of paralysis (4)
 R - a wand of mindburst (6)
Scrolls
 n - 4 scrolls of identify
 o - 3 scrolls of vulnerability
 u - 3 scrolls of blinking
 v - 2 scrolls of revelation
 x - 3 scrolls of amnesia
 E - 2 scrolls of teleportation
 J - a scroll of fog
 L - 2 scrolls of fear
 M - 2 scrolls of enchant armour
Potions
 b - a potion of ambrosia
 i - a potion of heal wounds
 j - 3 potions of attraction
 l - 2 potions of might
 p - 2 potions of resistance
 s - a potion of cancellation
 t - 3 potions of magic
 A - 3 potions of haste
 F - 3 potions of curing
 I - a potion of enlightenment


   Skills:
 + Level 10.6 Fighting
 - Level 5.5 Armour
 + Level 5.9 Dodging
 + Level 14.3 Unarmed Combat
 + Level 9.4 Invocations
 + Level 1.1 Evocations


You had 11 spell levels left.
You didn't know any spells.
Your spell library contained the following spells:

 Spells                   Type           Power      Damage    Failure   Level
 Cigotuvi's Dreadful Rot  Necr/Pois/Air  0%         N/A       61%         2
 Ensorcelled Hibernation  Hex/Ice        0%         N/A       61%         2
 Passwall                 Tmut/Erth      0%         N/A       61%         2
 Summon Guardian Golem    Hex/Summ       0%         N/A       83%         3
 Swiftness                Air            0%         N/A       83%         3
 Dispel Undead            Necr           0%         3d6       99%         4
 Death Channel            Necr           0%         N/A       100%        6
 Malign Gateway           Summ/Tloc      0%         N/A       100%        7
 Orb of Destruction       Conj           0%         9d5       100%        7
 Spellforged Servitor     Conj/Summ      0%         N/A       100%        7
 Summon Horrible Things   Summ           0%         N/A       100%        8


Dungeon Overview and Level Annotations

Branches:
Dungeon (10/15)            Temple (0/1) D:7            Lair (2/5) D:10
 Spider (0/4) Lair:2          Orc (0/2) D:10          Sewer (visited)
  Swamp: Lair:2-3    Shoals: Lair:2-3

Altars:
Cheibriados
Dithmenos
Hepliaklqana
Kikubaaqudgha
Nemelex Xobeh
Okawaru
Sif Muna
Uskayaw

Shops:
D:4 (   D:5 ??:(   D:7 *

Annotations:
D:9 3 runed translucent doors, exclusions: door and orange crystal statue


Innate Abilities, Weirdness & Mutations

You are immune to poison.
You have sharp fingernails.
Your flesh is cold resistant. (rC+)
You are immune to negative energy. (rN+++)
You do not regenerate when monsters are visible.
You are immune to unholy pain and torment.
You thrive by killing the living.


Message History

The culicivora bites you!!
* * * LOW HITPOINT WARNING * * *
The jumping spider leaps!
You barely miss the culicivora.
The culicivora is lightly wounded.
The culicivora misses you.
The jumping spider leaps!
The culicivora bites you!
* * * LOW HITPOINT WARNING * * *
Unknown command.
Okay, then.
You feel much better.
The jumping spider leaps!
The culicivora closely misses you.
The jumping spider leaps!
Okay, then.
You draw a card...
You have drawn the Cloud.
Clouds appear around you! The culicivora barely misses you. x2
You completely miss the culicivora.
The culicivora is lightly wounded.
The culicivora bites you!
* * * LOW HITPOINT WARNING * * *
You draw a card...
You have drawn Velocity.
The culicivora seems to slow down.
The culicivora misses you.
The jumping spider leaps!
You hit the culicivora but do no damage.
Your punch misses the culicivora.
The culicivora is lightly wounded.
You punch the culicivora!
The culicivora is heavily wounded.
The jumping spider leaps!
The culicivora bites you!
* * * LOW HITPOINT WARNING * * *
The jumping spider leaps!
Unknown command.
You hit the culicivora.
The culicivora is severely wounded.
The jumping spider leaps!
The culicivora bites you but does no damage.
The jumping spider leaps!
You punch the culicivora!
You punch the culicivora, but do no damage.
The culicivora is almost dead.
The culicivora bites you!!
You die...
Your body glows with a rainbow of weird colours and disappears.

............ .........
..........# .###....#
#P.##....##.#.#....##
##P.##...##...##.....###
..<..#†..#....#.......^#
....#.....#...##§.##.^.^^#
....+.....#...##†§.##.s^^^#
#+.###........##s§..##^^^s.
#+P#.#÷..#.....#@.°..#.°s..
.........##)####°.°..###○.>
.........P.'P###.......##..
........................ ##
......................<..
................○....s§..
........................
.###...................# P
#....................


You could see a culicivora (slow) and a jumping spider.

Vanquished Creatures
  A quicksilver ooze (D:10)
  Harold (Lair:2)
  A catoblepas (D:10)
  A death yak (D:9)
  A boulder beetle (Lair:1)
  The ghost of pokeman the Thaumaturge, a novice DEHW of Vehumet (D:8)
  2 cane toads (Lair:1)
  2 komodo dragons (Lair:1)
  A hornet (D:8)
  3 trolls (D:10)
  Grinder (D:3)
  4 blink frogs (Lair:1)
  Sigmund (D:3)
  9 yaks
  A wyvern (Lair:1)
  2 wraiths
  Eustachio (D:4)
  A steam dragon (D:8)
  2 redbacks (Lair:2)
  4 basilisks
  Edmund (D:4)
  An acid dragon (D:10)
  6 water moccasins
  2 ice beasts
  2 black bears
  3 orc warriors
  A sky beast (D:5)
  10 wolves (Lair:1)
  2 phantoms (D:5)
  6 kobold brigands
  Blork the orc (D:4)
  8 bullfrogs
  7 scorpions
  3 wights (D:9)
  8 killer bees (D:8)
  A vampire bat (D:3)
  3 howler monkeys
  5 orc priests
  3 gnoll boudas
  Crazy Yiuf (D:2)
  8 hounds
  Ijyb (D:4)
  2 sleepcaps
  Jessica (D:3)
  3 iguanas (D:7)
  11 orc wizards
  Natasha (twice) (D:2)
  2 hell rats (D:10)
  Robin (D:2)
  12 gnolls
  14 adders
  9 river rats
  7 worms
  4 dart slugs
  18 orcs
  2 bats (D:1)
  3 bat skeletons (D:3)
  3 bat zombies (D:3)
  10 endoplasms
  5 giant cockroaches
  18 goblins
  6 hobgoblins
  3 quokkas
  14 ball pythons
  4 frilled lizards
  15 kobolds
  13 rats
305 creatures vanquished.

Vanquished Creatures (collateral kills)
  The ghost of randomguy2701 the Cleaver, a novice MiFi of Jiyva (D:7)
  A bullfrog (D:7)
  2 killer bees (D:8)
4 creatures vanquished.

Grand Total: 309 creatures vanquished

Notes
Turn   | Place    | Note
-------+----------+-------------------------------------------
     0 | D:1      | Vomitron the Ghoul Monk began the quest for the Orb.
     0 | D:1      | Reached XP level 1. HP: 19/19 MP: 0/0
   289 | D:1      | Reached XP level 2. HP: 19/26 MP: 1/1
   487 | D:1      | Reached skill level 4 in Unarmed Combat
   712 | D:2      | Reached XP level 3. HP: 32/33 MP: 2/2
   845 | D:2      | Found a faded altar of an unknown god.
   912 | D:2      | Noticed Robin
   996 | D:2      | Killed Robin
   997 | D:2      | Reached XP level 4. HP: 21/40 MP: 3/3
  1079 | D:2      | Prayed at the altar of an unknown god.
  1079 | D:2      | Became a worshipper of Nemelex Xobeh the Trickster
  1079 | D:2      | Reached * piety under Nemelex Xobeh
  1079 | D:2      | Received a gift from Nemelex Xobeh
  1079 | D:2      | Reached ** piety under Nemelex Xobeh
  1173 | D:2      | Reached skill level 5 in Unarmed Combat
  1204 | D:2      | Found a runed translucent door.
  1205 | D:2      | Noticed Crazy Yiuf
  1269 | D:2      | Killed Crazy Yiuf
  1270 | D:2      | Reached XP level 5. HP: 47/47 MP: 4/4
  1407 | D:2      | Noticed Natasha
  1417 | D:2      | Killed Natasha
  1462 | D:2      | Noticed Natasha
  1474 | D:2      | Killed Natasha
  1588 | D:2      | Identified the +4 war axe of Miemixto {speed, rPois rF+ rC-
                  | rCorr}
  1632 | D:2      | Received a gift from Nemelex Xobeh
  1691 | D:2      | Reached *** piety under Nemelex Xobeh
  1845 | D:3      | Noticed Jessica
  1850 | D:3      | Killed Jessica
  1851 | D:3      | Reached skill level 6 in Unarmed Combat
  1851 | D:3      | Reached XP level 6. HP: 53/55 MP: 5/5
  1882 | D:3      | Noticed Sigmund
  1893 | D:3      | Killed Sigmund
  1894 | D:3      | Reached skill level 5 in Fighting
  1894 | D:3      | Reached skill level 1 in Invocations
  2201 | D:3      | Found a glowing drain.
  2205 | D:3      | Reached XP level 7. HP: 54/61 MP: 7/7
  2232 | Sewer    | Entered a sewer
  2232 | Sewer    | Received a gift from Nemelex Xobeh
  2268 | Sewer    | Reached skill level 7 in Unarmed Combat
  2771 | Sewer    | Received a gift from Nemelex Xobeh
  2969 | D:3      | Found an ancient bone altar of Kikubaaqudgha.
  2972 | D:3      | Reached XP level 8. HP: 70/70 MP: 9/9
  3182 | D:3      | Reached skill level 8 in Unarmed Combat
  3262 | D:3      | Noticed Grinder
  3266 | D:3      | Found a shimmering blue altar of Sif Muna.
  3278 | D:3      | Killed Grinder
  3279 | D:3      | Reached skill level 1 in Armour
  3669 | D:4      | Found a sparkling altar of Nemelex Xobeh.
  3732 | D:4      | Received a gift from Nemelex Xobeh
  3733 | D:4      | Noticed Eustachio
  3750 | D:4      | Killed Eustachio
  3784 | D:4      | Reached **** piety under Nemelex Xobeh
  3954 | D:4      | Noticed Ijyb
  3955 | D:4      | Noticed Edmund
  3963 | D:4      | Killed Ijyb
  3972 | D:4      | Killed Edmund
  4012 | D:4      | Found Ontih's Weapon Emporium.
  4261 | D:4      | Noticed Blork the orc
  4274 | D:4      | Killed Blork the orc
  4275 | D:4      | Reached skill level 9 in Unarmed Combat
  4433 | D:5      | Entered Level 5 of the Dungeon
  4537 | D:5      | Reached XP level 9. HP: 77/79 MP: 11/11
  4555 | D:5      | Found Xieriul's Book Shop.
  4558 | D:5      | Received a gift from Nemelex Xobeh
  4594 | D:5      | Reached skill level 5 in Invocations
  4662 | D:5      | Found Zufesopt's Magic Scroll Shoppe.
  4695 | D:5      | Bought a scroll of identify for 28 gold pieces
  4695 | D:5      | Bought a scroll of identify for 28 gold pieces
  4707 | D:5      | Found Sode's Magic Scroll Shop.
  4743 | D:5      | Bought a scroll of teleportation for 33 gold pieces
  4852 | D:5      | Received a gift from Nemelex Xobeh
  5030 | D:5      | Reached skill level 10 in Unarmed Combat
  5219 | D:5      | Found Afighof's Weapon Boutique.
  5256 | D:5      | Received a gift from Nemelex Xobeh
  5421 | D:6      | Reached ***** piety under Nemelex Xobeh
  5511 | D:6      | Found a snail-covered altar of Cheibriados.
  5772 | D:6      | Found a hide-covered altar of Uskayaw.
  5953 | D:7      | Received a gift from Nemelex Xobeh
  5953 | D:7      | Found an iron altar of Okawaru.
  6075 | D:7      | Found a staircase to the Ecumenical Temple.
  6175 | D:7      | Noticed randomguy2701's ghost (novice MiFi)
  6177 | D:7      | Received a gift from Nemelex Xobeh
  6179 | D:7      | Found a runed translucent door.
  6208 | D:7      | Killed randomguy2701's ghost
  6209 | D:7      | Reached skill level 11 in Unarmed Combat
  6209 | D:7      | Reached XP level 10. HP: 22/88 MP: 13/13
  6563 | D:7      | Found a shadowy altar of Dithmenos.
  6612 | D:7      | Found Zin's Purification Station.
  6951 | D:8      | Noticed pokeman's ghost (novice DEHW)
  6954 | D:8      | Found a transporter.
  6959 | D:8      | Found a transporter.
  7182 | D:8      | Received a gift from Nemelex Xobeh
  7547 | D:8      | Identified the -1 trident of Honour {flame, rElec rC-
                  | Will+}
  7571 | D:8      | Killed pokeman's ghost
  7572 | D:8      | Reached skill level 5 in Armour
  7803 | D:8      | Reached skill level 12 in Unarmed Combat
  8230 | D:9      | Received a gift from Nemelex Xobeh
  8241 | D:9      | Reached XP level 11. HP: 95/97 MP: 15/15
  8306 | D:9      | Found a runed translucent door.
  8314 | D:9      | Identified the +0 ring mail "Unehaiti" {rF+ rC+ Int+2}
  8341 | D:9      | Found a runed translucent door.
  8424 | D:9      | Found a runed translucent door.
  8435 | D:9      | Found a runed translucent door.
  8439 | D:9      | Noticed an orange crystal statue
  9278 | D:10     | Entered Level 10 of the Dungeon
  9316 | D:10     | Reached ****** piety under Nemelex Xobeh
  9331 | D:10     | Noticed a death yak
  9331 | D:10     | Noticed a death yak
  9439 | D:10     | Noticed a death yak
  9462 | D:9      | Killed a death yak
  9623 | D:10     | Received a gift from Nemelex Xobeh
  9683 | D:10     | Found a staircase to the Lair.
  9773 | D:10     | Found a staircase to the Orcish Mines.
  9814 | D:10     | Found a hazy altar of Hepliaklqana.
  9839 | D:10     | Reached skill level 13 in Unarmed Combat
  9952 | D:10     | a death yak changed into a quicksilver ooze
  9952 | D:10     | Noticed a quicksilver ooze
  9952 | D:10     | a death yak changed into a catoblepas
  9952 | D:10     | Noticed a catoblepas
  9960 | D:10     | Killed a catoblepas
  9964 | D:10     | Killed a quicksilver ooze
 10123 | D:10     | Received a gift from Nemelex Xobeh
 10295 | D:10     | Reached skill level 10 in Fighting
 10619 | Lair:1   | Entered Level 1 of the Lair of Beasts
 10752 | Lair:1   | Noticed a boulder beetle
 10846 | Lair:1   | Killed a boulder beetle
 10869 | Lair:1   | Received a gift from Nemelex Xobeh
 11043 | Lair:1   | Reached skill level 5 in Dodging
 11043 | Lair:1   | Reached XP level 12. HP: 84/106 MP: 17/17
 11347 | Lair:1   | Reached skill level 14 in Unarmed Combat
 12145 | Lair:2   | Identified a scroll of acquirement
 12147 | Lair:2   | Acquired a scarf of invisibility
 12192 | Lair:2   | Noticed Harold
 12222 | Lair:2   | HP: 5/107 [Harold/+0 flail of holy wrath (1)]
 12224 | Lair:2   | Killed Harold
 12535 | Lair:2   | Found a hole to the Spider Nest.
 12549 | Lair:2   | Reached skill level 1 in Evocations
 12577 | Lair:2   | HP: 1/108 [culicivora (7)]
 12583 | Lair:2   | HP: 4/108 [culicivora (8)]
 12585 | Lair:2   | Demolished by a culicivora

Illustrated notes

Levels and vault maps discovered:
D:1:      kilobyte_arrival_exit_the_forest, layout_basic
D:2:      layout_basic, hellmonk_ecumenical_altar_crossroads, uniq_natasha,
          uniq_crazy_yiuf_cottage, uniq_robin
D:3:      layout_loops_ring, kennysheep_vampire_church,
          mainiacjoe_overflow_cross_hatched, portal_sewer_entry_e, uniq_grinder,
          uniq_jessica, uniq_sigmund
D:4:      layout_basic, kennysheep_mini, serial_shops, shop, uniq_blork_the_orc,
          uniq_eustachio, uniq_edmund, uniq_ijyb
D:5:      layout_basic, serial_shops, shop, nicolae_shop_crystal, shop,
          nicolae_shop_bloodbath_and_beyond
D:6:      layout_basic, old_standard_altar, cheibriados_altar_1
D:7:      layout_basic, nicolae_dithmenos_through_a_glass_darkly,
          amcnicky_altar_gilded, zin_purify,
          minmay_temple_entry_drinking_statues, hellmonk_ghost_happy_afterlife,
          hangedman_decor_points
D:8:      layout_basic, elyvilon_altar_4, gammafunk_ghost_hive
D:9:      layout_irregular_city, minmay_statue_crystal_thing
D:10:     layout_gridville, worldfamousw_hep_ancestral_shrine,
          dpeg_lair_monsters
Lair:1:   layout_loops_ring, chequers_serial_rivers_marsh, grunt_megastairs_1
Lair:2:   layout_regular_city, spider_nest_entry_funnel_web, uniq_maggie,
          uniq_urug, uniq_harold

Skill      XL: |  1  2  3  4  5  6  7  8  9 10 11 12 |
---------------+-------------------------------------+-----
Unarmed Combat | 4 5 6 7 9 11 12 13 14 | 14.3
Fighting       | 4 5 6 7 8 9 10 | 10.6
Invocations    | 2 3 4 6 7 9 |  9.4
Armour         | 2 4 5 |  5.5
Dodging        | 5 |  5.9
Evocations     | 1 |  1.1

Action                     |  1- 3 |  4- 6 |  7- 9 | 10-12 || total
---------------------------+-------+-------+-------+-------++-------
  Melee: Unarmed           |    81 |   107 |   445 |   563 ||  1196
         Punch             |       |       |       |     5 ||     5
 Invoke: Draw Destruction  |       |       |     9 |     5 ||    14
         Draw Summoning    |       |       |     1 |     2 ||     3
         Draw Escape       |       |       |       |     3 ||     3
  Evoke: Wand              |       |       |       |     5 ||     5
    Use: Scroll            |       |       |    14 |     7 ||    21
         Potion            |       |       |     1 |     3 ||     4
   Stab: Distracted        |       |       |       |     1 ||     1
         Paralysed         |       |       |       |     7 ||     7
         Petrified         |       |       |       |     3 ||     3
 Armour: Robe              |    13 |    20 |    36 |       ||    69
         Leather armour    |       |       |    57 |    50 ||   107
         Ring mail         |       |       |       |    98 ||    98
  Dodge: Dodged            |    43 |    66 |   337 |   430 ||   876

Table legend: (Time is in decaauts)
 A = Elapsed time spent in this place.
 B = Non-inter-level travel time spent in this place.
 C = Inter-level travel time spent in this place.
 D = Time resting spent in this place.
 E = Time spent auto-exploring this place.
 F = Levels seen in this place.
 G = Mean time per level.
                   A        B        C        D        E       F      G
               +--------+--------+--------+--------+--------+-----+--------+
         Total |  12548 |  11995 |    553 |   1762 |   7638 |  13 |  965.2 |
       Dungeon |   9830 |   9318 |    512 |   1169 |   6236 |  10 |  983.0 |
          Lair |   1918 |   1877 |     41 |    593 |    849 |   2 |  959.0 |
         Sewer |    799 |    799 |      0 |      0 |    552 |   1 |  799.0 |
               +--------+--------+--------+--------+--------+-----+--------+

Top non-repeatable levels by time:
  Lair:1: 1489 daAuts
     D:9: 1399 daAuts
    D:10: 1237 daAuts
     D:8: 1209 daAuts
     D:3: 1138 daAuts
     D:2: 1048 daAuts
     D:4: 910 daAuts
     D:7: 806 daAuts
     D:5: 803 daAuts
   Sewer: 799 daAuts
     D:1: 697 daAuts
     D:6: 579 daAuts
  Lair:2: 429 daAuts
